 Dungeon Crawl Stone Soup version 0.25.1-2-g60ff931df9 (webtiles) character file.

Game seed: 2619481328120240031

117010 sm0rk the Basher (level 16, -10/136 (137) HPs)
             Began as a Ghoul Ice Elementalist on Aug 1, 2020.
             Was a High Priest of Makhleb.
             Hit by a silver javelin thrown by a merfolk javelineer (24 damage)
             ... on level 3 of the Shoals on Aug 2, 2020.
             The game lasted 01:57:10 (35979 turns).

sm0rk the Basher (Ghoul Ice Elementalist)          Turns: 35979, Time: 01:57:25

HP:   -10/136 (137) AC:  9    Str: 15    XL:     16   Next: 72%
MP:   25/25         EV: 15    Int: 17    God:    Makhleb [*****.]
Gold: 2002          SH: 11    Dex:  9    Spells: 16/29 levels left

rFire    . . .     SeeInvis +   b - +3 flail (drain)
rCold    + . .     Gourm    .   r - +0 kite shield
rNeg     + + +     Faith    .   F - +1 steam dragon scales
rPois    ∞         Spirit   .   u - +2 hat {Int+3}
rElec    .         Reflect  .   i - +0 cloak {MR+}
rCorr    .         Harm     .   (no gloves)
MR       +++..                  (no boots)
Stlth    ++........             (no amulet)
HPRegen  0.00/turn              R - ring of protection from magic
MPRegen  0.19/turn              h - ring of see invisible

@: rotting
A: rotting body, claws 1, carnivore, cold resistance 1, negative energy
resistance 3, inhibited regeneration, torment resistance, unbreathing
a: Minor Destruction, Lesser Servant of Makhleb, Major Destruction, Greater
Servant of Makhleb, Renounce Religion


You were on level 3 of the Shoals.
You worshipped Makhleb.
Makhleb was extremely pleased with you.
You were not hungry.

You visited 5 branches of the dungeon, and saw 26 of its levels.

You collected 3055 gold pieces.
You spent 1053 gold pieces at shops.

Inventory:

Hand Weapons
 a - the +11 hand crossbow of Might {penet, rF+ Str+3 Dex+4}
   (You bought it in a shop on level 1 of the Orcish Mines)

   Ammo fired by it will pass through the targets it hits, potentially hitting
   all targets in its path until it reaches maximum range.
   It affects your strength (+3).
   It affects your dexterity (+4).
   It protects you from fire.
 b - a +3 flail of draining (weapon)
Missiles
 w - 6 throwing nets (quivered)
 B - 48 bolts
 X - 2 atropa-tipped darts
Armour
 i - a +0 cloak of magic resistance (worn)
 r - a +0 kite shield (worn)
 u - a +2 hat of intelligence (worn)
 F - +1 steam dragon scales (worn)
 O - a +2 tower shield of protection
Jewellery
 h - a ring of see invisible (right claw)
 x - an uncursed ring of protection from cold
 R - a ring of protection from magic (left claw)
 U - an uncursed ring of fire
Wands
 v - a wand of enslavement (6)
 z - a wand of polymorph (27)
 A - a wand of digging (8)
 N - a wand of acid (9)
 S - a wand of iceblast (14)
 T - a wand of random effects (6)
Scrolls
 d - 11 scrolls of remove curse
 f - 8 scrolls of fear
 j - 13 scrolls of teleportation
 l - 5 scrolls of immolation
 n - 9 scrolls of amnesia
 s - 4 scrolls of blinking
 t - a scroll of fog
 C - 2 scrolls of enchant weapon
 H - 3 scrolls of magic mapping
 I - 3 scrolls of brand weapon
 J - 4 scrolls of identify
 K - a scroll of vulnerability
 L - a scroll of silence
 P - 4 scrolls of enchant armour
Potions
 e - 8 potions of curing
 g - 6 potions of heal wounds
 k - 3 potions of stabbing
 m - a potion of might
 o - 3 potions of haste
 p - a potion of brilliance
 q - 2 potions of flight
 D - a potion of magic
 E - 2 potions of cancellation
Miscellaneous
 y - a tin of tremorstones (3/3)
 Q - a box of beasts
Comestibles
 c - 34 rations


   Skills:
 - Level 11.0 Fighting
 + Level 13.8 Maces & Flails
 - Level 5.0 Crossbows
 - Level 10.0 Dodging
 - Level 2.1 Stealth
 + Level 9.9 Shields
 - Level 1.4 Unarmed Combat
 - Level 7.0 Spellcasting
 - Level 5.0 Conjurations
 - Level 4.0 Translocations
 - Level 11.0 Ice Magic
 - Level 11.0 Invocations


You had 16 spell levels left.
You knew the following spells:

 Your Spells              Type           Power        Failure   Level  Hunger
a - Frozen Ramparts       Ice            #####.       1%          3    ##.....
b - Apportation           Tloc           ###...       4%          1    None
c - Blink                 Tloc           N/A          6%          2    None
x - Hailstorm             Conj/Ice       ####....     9%          4    ####...
z - Ozocubu's Armour      Chrm/Ice       ###.....     7%          3    ##.....

Your spell library contained the following spells:

 Spells                   Type           Power        Failure   Level  Hunger
 Freeze                   Ice            ####         1%          1    None
 Magic Dart               Conj           ###.         2%          1    None
 Ensorcelled Hibernation  Hex/Ice        ###...       3%          2    None
 Gell's Gravitas          Tloc           ###.......   13%         3    ##.....
 Animate Skeleton         Necr           N/A          22%         1    None
 Corona                   Hex            #......      22%         1    None
 Pain                     Necr           #...         22%         1    None
 Sting                    Tmut/Pois      #...         22%         1    None
 Summon Butterflies       Summ           #.......     22%         1    None
 Summon Ice Beast         Ice/Summ       ###.....     22%         4    ####...
 Conjure Flame            Conj/Fire      ##......     24%         3    ##.....
 Dazzling Flash           Conj/Hex       ##....       24%         3    ##.....
 Stone Arrow              Conj/Erth      ##....       24%         3    ##.....
 Call Imp                 Summ           #.......     32%         2    None
 Slow                     Hex            #.......     32%         2    None
 Mephitic Cloud           Conj/Pois/Air  ##......     34%         3    ##.....
 Call Canine Familiar     Summ           #.......     54%         3    ##.....
 Confusing Touch          Hex            #.......     54%         3    ##.....
 Tukima's Dance           Hex            #.......     54%         3    ##.....
 Vampiric Draining        Necr           #.........   54%         3    ##.....
 Metabolic Englaciation   Hex/Ice        ###.......   54%         5    #####..
 Animate Dead             Necr           N/A          91%         4    ####...
 Cause Fear               Hex            #.........   91%         4    ####...
 Olgreb's Toxic Radiance  Pois           #.......     91%         4    ####...
 Petrify                  Tmut/Erth      #.......     91%         4    ####...
 Agony                    Necr           #.......     99%         5    #####..
 Silence                  Hex/Air        #.........   99%         5    #####..
 Summon Mana Viper        Hex/Summ       #.......     99%         5    #####..
 Yara's Violent Unravell  Hex/Tmut       #.........   99%         5    #####..
 Summon Hydra             Summ           #.........   100%        7    #######
 Discord                  Hex            #.........   100%        8    #######


Dungeon Overview and Level Annotations

Branches:
Dungeon (14/15)            Temple (0/1) D:7            Lair (6/6) D:9
 Shoals (3/4) Lair:3        Snake (1/4) Lair:3          Orc (2/2) D:11
    Elf (0/3) Orc:2        Vaults (0/5) D:14
  Slime: Lair:5-6

Altars:
Cheibriados
Dithmenos
Fedhas
Gozag
Hepliaklqana
Kikubaaqudgha
Makhleb
Nemelex Xobeh
Okawaru
Ru
Sif Muna
Vehumet
Xom
Zin
Beogh

Shops:
D:13 [   Orc:1 ??((%   Orc:2 =([*

Portals:
Trove: D:14 (give 5 potions of resistance)

Annotations:
Lair:6 exclusion: 2 oklob plants
Shoals:1 3 runed translucent doors, Loidof's ghost, adept MiFi
Orc:1 1 runed translucent door, wpisznazwe's ghost, journeyman DsGl


Innate Abilities, Weirdness & Mutations

Your body is rotting away.
You thrive on raw meat.
You are immune to poison.
You have sharp fingernails.
You are carnivorous and can eat meat at any time.
Your flesh is cold resistant. (rC+)
You are immune to negative energy. (rN+++)
You do not regenerate when monsters are visible.
You are immune to unholy pain and torment.
You can survive without breathing.


Message History

Your Executioner gestures at the sea snake.
The sea snake resists with significant effort.
Your Executioner hits the sea snake!!
The sea snake dies!
Makhleb accepts your kill.
The merfolk javelineer throws a silver javelin.
The silver javelin pierces through you!
* * * LOW HITPOINT WARNING * * *
x2 The centaur shoots an arrow.
The arrow hits your Executioner!
A boomerang appears from out of your range of vision.
The boomerang hits your Executioner!!
Unknown command.
Okay, then.
Your Executioner hits the centaur!!
The centaur dies!
Makhleb accepts your kill.
You hear a splash. x2
The merfolk javelineer throws a silver javelin.
The silver javelin pierces through you!!
You die...

≈≈≈..≈.≈≈≈≈≈≈≈≈≈)..≈≈≈≈≈
≈≈mm.≈≈..≈≈≈≈≈≈≈≈...≈≈≈≈
≈≈≈≈.≈≈≈≈≈≈≈≈≈≈≈.....≈P≈
..≈≈≈≈≈≈≈≈≈≈≈≈........≈≈
..≈≈≈≈≈≈.≈≈≈....###.....
≈≈≈≈≈≈§§§.≈≈....###..≈..
≈≈≈≈≈≈§§§.........(≈≈≈≈.
≈.≈≈≈.§§§......^...≈≈≈..
..≈≈≈§§@#(..........≈≈..
≈≈≈≈.1.§((.$...≈≈≈≈≈≈≈..
≈≈≈≈.!..........≈≈≈≈≈≈..
≈≈≈).............≈≈≈≈≈≈≈
≈≈≈≈.............≈≈≈≈≈≈≈
≈≈≈≈..............≈≈≈≈≈≈
.≈≈≈≈............≈≈≈...≈
.≈≈≈≈..........≈≈≈≈≈...≈
≈....≈≈≈.......≈≈≈.....


You could see a merfolk javelineer, a merfolk and a friendly Executioner
(summoned, fast).

Vanquished Creatures
  Gastronok (D:8)
  An orc warlord (Orc:1)
  2 merfolk impalers
  Snorg (D:10)
  A fire dragon (Lair:6)
  7 hydras
  2 vault guards (D:14)
  2 merfolk avatars (Shoals:1)
  A death knight (D:13)
  4 centaur warriors
  A catoblepas (D:14)
  The ghost of Eliym the Cleaver, a novice HOFi of Okawaru (D:10)
  6 two-headed ogres
  Erica (D:8)
  A tengu warrior (D:13)
  An ogre mage (Orc:1)
  3 orc high priests
  2 satyrs
  Sonja (Orc:1)
  2 fire crabs
  2 sea snakes (Shoals:2)
  An unseen horror (D:13)
  A deep elf archer (D:13)
  4 orc knights (Orc:1)
  Pikel (D:8)
  A wizard (D:14)
  2 harpies (Shoals:3)
  3 necromancers (D:14)
  5 ugly things
  An orc sorcerer (Orc:2)
  An oklob plant (Lair:4)
  2 deep elf magi (D:13)
  12 fauns
  A slime creature (D:13)
  4 manticores
  2 cyclopes
  10 black mambas
  5 merfolk sirens
  4 centaur zombies
  11 spiny frogs
  3 water nymphs
  3 molten gargoyles (Lair:6)
  Maggie (D:8)
  A kobold demonologist (D:10)
  7 rime drakes
  A freezing wraith (D:14)
  A redback zombie (D:14)
  10 komodo dragons
  14 trolls
  10 merfolk
  A meliai (D:13)
  3 hornets
  2 polar bears
  2 snapping turtles (Shoals:2)
  12 blink frogs
  9 dream sheep
  2 wind drakes (Shoals:2)
  19 hippogriffs
  Sigmund (D:6)
  2 shadows
  52 yaks
  15 wyverns
  2 wraiths
  3 fire bats (Shoals:1)
  Eustachio (D:6)
  4 water elementals
  18 humans
  2 hungry ghosts
  9 basilisks
  4 hogs (D:11)
  2 steam dragons (Lair:6)
  10 wargs
  The ghost of Skodnik20 the Skirmisher, an amateur GrFi (D:4)
  2 soldier ants
  28 water moccasins
  5 hell hounds
  6 porcupines
  Duvessa (D:6)
  2 hornet zombies
  3 ice beasts
  4 sky beasts
  28 orc warriors
  A necrophage (D:13)
  6 phantoms
  23 centaurs
  3 wolves (Lair:5)
  An eye of draining (D:14)
  14 ogres
  7 crocodiles
  5 big kobolds
  A gnoll sergeant (D:7)
  15 bullfrogs
  Dowan (D:6)
  3 scorpions
  3 killer bees (D:10)
  A howler monkey (D:7)
  4 wights (D:10)
  5 electric eels
  5 crimson imps
  5 lava snakes (Lair:6)
  A bullfrog zombie (D:12)
  11 hounds
  2 jellies
  28 orc wizards
  Crazy Yiuf (D:2)
  26 orc priests
  3 centaur skeletons
  2 gnoll shamans (D:7)
  10 iguanas
  4 hell rats (Lair:3)
  8 worker ants
  A hound skeleton (D:6)
  A howler monkey zombie (D:7)
  A worker ant zombie (D:11)
  20 gnolls
  22 adders
  3 shadow imps
  An ooze (D:2)
  An adder skeleton (D:6)
  A worm (D:3)
  5 leopard geckos
  77 orcs
  4 giant cockroaches
  9 goblins
  9 hobgoblins
  9 jackals
  12 kobolds
  A quokka (D:4)
  4 ball pythons
  10 bats
  8 frilled lizards
  A quokka zombie (D:6)
  7 rats
  A fungus (Orc:2)
827 creatures vanquished.

Vanquished Creatures (collateral kills)
  A merfolk javelineer (Shoals:2)
  Fannar (Lair:1)
  3 two-headed ogres
  A satyr (Shoals:3)
  A sea snake (Shoals:3)
  An orc knight (Orc:2)
  An orc sorcerer (Orc:2)
  3 ugly things (D:14)
  An oklob plant (Lair:6)
  A centaur zombie (D:14)
  A faun (Shoals:2)
  A rime drake (Lair:6)
  A freezing wraith (D:14)
  2 merfolk (Shoals:2)
  A hippogriff (D:8)
  A shadow (D:14)
  A human (D:14)
  A warg (Orc:1)
  A water moccasin (Lair:1)
  5 orc warriors
  4 ogres
  A phantom (D:8)
  A centaur (Shoals:3)
  5 big kobolds (D:10)
  2 gnoll sergeants (D:7)
  2 bullfrogs (D:14)
  A crimson imp (D:14)
  3 gnolls (D:7)
  5 orcs
  A jackal (D:7)
  A leopard gecko skeleton (D:8)
  2 withered plants (D:8)
57 creatures vanquished.

Vanquished Creatures (others)
  3 slaves (D:8)
  A bullfrog zombie (D:8)
  A worker ant (D:8)
  A gnoll (D:7)
  A leopard gecko (D:8)
  A jackal (D:7)
  A quokka (D:8)
  A leopard gecko skeleton (D:8)
  8 fungi
  11 plants
29 creatures vanquished.

Grand Total: 913 creatures vanquished

Notes
Turn   | Place    | Note
-------+----------+-------------------------------------------
     0 | D:1      | sm0rk the Ghoul Ice Elementalist began the quest for the
                  | Orb.
     0 | D:1      | Reached XP level 1. HP: 14/14 MP: 2/2
    60 | D:1      | Reached skill level 1 in Unarmed Combat
   270 | D:1      | Reached XP level 2. HP: 20/20 MP: 3/3
   602 | D:1      | Reached skill level 1 in Maces & Flails
  1177 | D:1      | Reached XP level 3. HP: 20/26 MP: 4/4
  1275 | D:1      | Learned a level 3 spell: Frozen Ramparts
  1619 | D:2      | Noticed a scorpion
  1623 | D:2      | Killed a scorpion
  1623 | D:2      | Reached skill level 2 in Maces & Flails
  1623 | D:2      | Reached XP level 4. HP: 33/33 MP: 1/5
  1624 | D:2      | Reached skill level 5 in Ice Magic
  1729 | D:2      | Found a burning altar of Makhleb.
  1748 | D:2      | Became a worshipper of Makhleb the Destroyer
  1933 | D:2      | Reached XP level 5. HP: 20/38 MP: 6/6
  2098 | D:2      | Found a runed translucent door.
  2099 | D:2      | Noticed Crazy Yiuf
  2146 | D:2      | Found a glowing silver altar of Zin.
  2191 | D:2      | Killed Crazy Yiuf
  2191 | D:2      | Reached skill level 3 in Maces & Flails
  2834 | D:2      | Found an iron altar of Okawaru.
  3200 | D:3      | Found a snail-covered altar of Cheibriados.
  3569 | D:3      | Found a sparkling altar of Nemelex Xobeh.
  3635 | D:3      | Reached XP level 6. HP: 3/44 MP: 1/7
  4175 | D:3      | Reached * piety under Makhleb
  4438 | D:3      | Found a hazy altar of Hepliaklqana.
  4812 | D:4      | Reached skill level 4 in Maces & Flails
  5375 | D:4      | Found a runed translucent gate.
  5391 | D:4      | Reached XP level 7. HP: 44/50 MP: 5/9
  5392 | D:4      | Found a runed translucent gate.
  5393 | D:4      | Found a runed translucent gate.
  5397 | D:4      | Found an opulent altar of Gozag.
  5398 | D:4      | Noticed Skodnik20's ghost (amateur GrFi)
  5416 | D:4      | Killed Skodnik20's ghost
  5880 | D:5      | Entered Level 5 of the Dungeon
  6167 | D:5      | Reached ** piety under Makhleb
  6311 | D:5      | Reached skill level 5 in Maces & Flails
  6652 | D:6      | Noticed Sigmund
  6674 | D:6      | Killed Sigmund
  6674 | D:6      | Reached XP level 8. HP: 49/56 MP: 9/11
  7027 | D:6      | Noticed Eustachio
  7038 | D:6      | Reached skill level 6 in Maces & Flails
  7050 | D:6      | Killed Eustachio
  7145 | D:6      | Noticed Duvessa
  7145 | D:6      | Noticed Dowan
  7151 | D:6      | Killed Duvessa
  7155 | D:6      | Killed Dowan
  7305 | D:6      | Found a sacrificial altar of Ru.
  7445 | D:6      | Reached XP level 9. HP: 62/62 MP: 9/12
  7609 | D:6      | Reached skill level 7 in Maces & Flails
  7955 | D:7      | Reached skill level 1 in Fighting
  8090 | D:7      | Reached *** piety under Makhleb
  8595 | D:7      | Reached skill level 1 in Invocations
  9467 | D:7      | Reached skill level 10 in Ice Magic
  9467 | D:7      | Reached XP level 10. HP: 46/76 MP: 12/14
  9858 | D:7      | Found a shimmering altar of Xom.
  9859 | D:7      | Found a shimmering altar of Xom.
  9860 | D:7      | Found a shimmering altar of Xom.
  9860 | D:7      | Found a shimmering altar of Xom.
  9860 | D:7      | Found a shimmering altar of Xom.
  9965 | D:7      | Found a shimmering altar of Xom.
  9972 | D:7      | Found a staircase to the Ecumenical Temple.
  9988 | D:7      | Reached **** piety under Makhleb
 10146 | D:7      | Found a radiant altar of Vehumet.
 10154 | D:7      | Found a shimmering blue altar of Sif Muna.
 10155 | D:7      | Found a shadowy altar of Dithmenos.
 10155 | D:7      | Found an opulent altar of Gozag.
 10158 | D:7      | Found a blossoming altar of Fedhas.
 10443 | D:7      | Noticed an elephant
 10524 | D:8      | Noticed a two-headed ogre
 10557 | D:8      | Reached skill level 8 in Maces & Flails
 10560 | D:8      | Found an ancient bone altar of Kikubaaqudgha.
 10660 | D:8      | Killed a two-headed ogre
 10942 | D:8      | Noticed Pikel
 10952 | D:8      | Killed Pikel
 11116 | D:8      | Noticed a two-headed ogre
 11130 | D:8      | Killed a two-headed ogre
 11158 | D:8      | Noticed a centaur warrior
 11178 | D:8      | Killed a centaur warrior
 11178 | D:8      | Reached skill level 5 in Fighting
 11178 | D:8      | Reached skill level 5 in Spellcasting
 11178 | D:8      | Reached XP level 11. HP: 41/86 MP: 14/17
 11404 | D:8      | Noticed Gastronok
 11424 | D:8      | Killed Gastronok
 11424 | D:8      | Reached skill level 5 in Dodging
 11424 | D:8      | Reached skill level 5 in Invocations
 11622 | D:8      | Noticed Erica
 11634 | D:8      | Killed Erica
 11738 | D:8      | Reached skill level 9 in Maces & Flails
 12220 | D:8      | Noticed Maggie
 12251 | D:8      | Killed Maggie
 13581 | D:9      | Found a staircase to the Lair.
 13643 | Lair:1   | Entered Level 1 of the Lair of Beasts
 13667 | D:9      | Reached XP level 12. HP: 23/100 MP: 13/18
 13954 | Lair:1   | Noticed Fannar
 13992 | Lair:1   | Killed Fannar
 14437 | Lair:1   | Identified the Compendium of Conjuration and Intoxication
 14444 | Lair:1   | Learned a level 4 spell: Hailstorm
 14861 | Lair:1   | Reached skill level 10 in Maces & Flails
 15005 | Lair:1   | Noticed a six-headed hydra
 15014 | Lair:1   | Killed a six-headed hydra
 15421 | Lair:2   | You fall into a shaft and drop 2 floors!
 15625 | Lair:3   | Found a staircase to the Snake Pit.
 15647 | Lair:3   | Reached skill level 1 in Conjurations
 16914 | Lair:3   | Found a staircase to the Shoals.
 17774 | Lair:4   | Reached XP level 13. HP: 86/111 MP: 8/19
 19427 | Lair:5   | You fall into a shaft and drop 1 floor!
 19427 | Lair:6   | Entered Level 6 of the Lair of Beasts
 19427 | Lair:6   | Found a large runed translucent door.
 19427 | Lair:6   | Found a large runed translucent door.
 19427 | Lair:6   | Noticed a fire dragon
 19546 | Lair:6   | Learned a level 2 spell: Blink
 19786 | Lair:6   | Reached ***** piety under Makhleb
 20847 | Lair:6   | Reached skill level 11 in Maces & Flails
 20997 | Lair:6   | Reached skill level 10 in Fighting
 21102 | Lair:6   | Reached skill level 10 in Invocations
 21279 | Lair:6   | Reached XP level 14. HP: 48/121 MP: 2/22
 22748 | Lair:1   | Learned a level 3 spell: Ozocubu's Armour
 22778 | D:10     | Entered Level 10 of the Dungeon
 22931 | D:10     | Noticed Snorg
 22941 | D:10     | Killed Snorg
 23327 | D:10     | Reached skill level 5 in Conjurations
 23849 | D:10     | Found a runed translucent gate.
 23849 | D:10     | Found a runed translucent gate.
 23849 | D:10     | Found a runed translucent gate.
 23849 | D:10     | Noticed Eliym's ghost (novice HOFi)
 23849 | D:10     | Identified the +7 short sword "Olaoleitwu" {pain, *Drain
                  | rElec Str+3}
 23883 | D:10     | Killed Eliym's ghost
 24694 | D:11     | Found a staircase to the Orcish Mines.
 25633 | D:12     | Reached skill level 1 in Translocations
 25915 | Orc:1    | Entered Level 1 of the Orcish Mines
 25915 | Orc:1    | Found Ludan's Magic Scroll Shoppe.
 26036 | Orc:1    | Reached ****** piety under Makhleb
 26106 | Orc:1    | Found Kuobeba's Antique Weapon Boutique.
 26114 | Orc:1    | Bought an encrusted hand crossbow for 306 gold pieces
 26114 | Orc:1    | Bought a glowing great mace for 342 gold pieces
 26118 | Orc:1    | Identified the +11 hand crossbow of Might {penet, rF+ Str+3
                  | Dex+4} (You bought it in a shop on level 1 of the Orcish
                  | Mines)
 26174 | Orc:1    | Found a runed translucent door.
 26175 | Orc:1    | Noticed wpisznazwe's ghost (journeyman DsGl)
 26410 | Orc:2    | Entered Level 2 of the Orcish Mines
 26443 | Orc:1    | Reached skill level 1 in Shields
 27323 | Orc:2    | Noticed an orc warlord
 27488 | Orc:1    | Killed an orc warlord
 27684 | Orc:2    | Found Seojus's General Store.
 27995 | Orc:2    | Reached skill level 10 in Dodging
 27998 | Orc:2    | Reached skill level 1 in Crossbows
 28014 | Orc:2    | Reached XP level 15. HP: 55/128 MP: 24/24
 28057 | Orc:2    | Found Epeph's Antique Armour Shop.
 28206 | Orc:2    | Found Qoguin's Antique Weapon Emporium.
 28341 | Orc:2    | Found a staircase to the Elven Halls.
 28341 | Orc:2    | Found Ateteunt's Jewellery Shop.
 28753 | Orc:2    | Bought a runed flail for 143 gold pieces
 28817 | Orc:2    | Bought a runed tower shield for 262 gold pieces
 28909 | Orc:1    | Noticed Sonja
 28925 | Orc:1    | Killed Sonja
 28930 | Orc:1    | Found Peolirgha's Food Shop.
 29038 | Orc:1    | Found a roughly hewn altar of Beogh.
 29163 | Orc:1    | Found Qaruor's Antique Weapon Shop.
 29561 | Orc:1    | Found Plog's Magic Scroll Shoppe.
 29993 | D:13     | Reached skill level 5 in Shields
 30110 | D:13     | Found Xeromioh's Armour Emporium.
 30298 | D:13     | Identified the Incunabulum of Evil Translocation
 30315 | D:13     | Learned a level 1 spell: Apportation
 30363 | D:13     | Reached skill level 5 in Crossbows
 30819 | D:14     | Reached skill level 12 in Maces & Flails
 31346 | D:14     | Found a portal to a secret trove of treasure.
 32207 | D:14     | Reached XP level 16. HP: 137/137 MP: 22/25
 32592 | D:14     | Found a gate to the Vaults.
 32885 | Snake:1  | Entered Level 1 of the Snake Pit
 32911 | Shoals:1 | Entered Level 1 of the Shoals
 32968 | Shoals:1 | Found a runed translucent gate.
 32970 | Shoals:1 | Found a runed translucent gate.
 32976 | Shoals:1 | Found a runed translucent gate.
 32978 | Shoals:1 | Noticed Loidof's ghost (adept MiFi)
 33138 | Shoals:1 | Reached skill level 13 in Maces & Flails
 35979 | Shoals:3 | Hit by a silver javelin thrown by a merfolk javelineer

Illustrated notes

Levels and vault maps discovered:
D:1:      onia_arrival_mini_spirals, layout_basic, roderic_serpentine_path
D:2:      layout_basic, old_standard_altar, zin_scriptorium, dk_noncrumbling_3,
          okawaru_altar_gauntlet_db, uniq_crazy_yiuf_cottage
D:3:      layout_loops_ring, nemelex_xobeh_ov_fountains_minmay,
          lemuel_coloured_pillars_altar, lemuel_crystal_altar
D:4:      layout_loops_ring, first_ration, ebering_ghost_gozag,
          serial_bayou_pond_c, minivault_27
D:5:      layout_loops_cross
D:6:      layout_loops_ring, nicolae_overflow_hidden_temple, basic_altar,
          uniq_sigmund, uniq_menkaure, uniq_duvessa, uniq_eustachio
D:7:      layout_cave_pools, minitemple, xom_shifter_show,
          minmay_temple_entry_stoned_glass, serial_gnoll_camp,
          gnoll_camp_huts_moat, gnoll_camp_mini_hut, gnoll_camp_mini_basic,
          gnoll_camp_mini_loothouse, minmay_fountain_box,
          kennysheep_generic_room_12
D:8:      minmay_the_grid_octo_tiled_squarecenter [minmay_the_grid_octo_77,
          minmay_the_grid_octo_horde, minmay_the_grid_octo_concentric,
          minmay_the_grid_octo_checkerflower,
          minmay_the_grid_square_5x5_megaprize_crossed,
          minmay_the_grid_square_5x5_longway, minmay_the_grid_square_5x5_n,
          minmay_the_grid_square_5x5_two_walls_a,
          minmay_the_grid_square_5x5_doubleslash], layout_loops_ring,
          kiku_gazebo_garden_becter, uniq_maggie, uniq_pikel, uniq_gastronok,
          uniq_erica
D:9:      layout_basic, lair_entry_dummy
D:10:     layout_rooms, gammafunk_ghost_nasty_kobolds, uniq_snorg
D:11:     layout_rooms, orc_0_dummy, grunt_livestock
D:12:     layout_big_octagon
D:13:     layout_roguey, serial_shops, nicolae_shop_statue_plus,
          minmay_mirror_moons_of_madness
D:14:     layout_long_grid, grunt_vaults_entry_tiered, patterned_corridor,
          enter_trove_0, special_room [special_room_mythical_zoo]
Lair:1:   layout_long_grid, minivault_19, chequers_serial_rivers_micro_c,
          disabler_island, uniq_fannar
Lair:2:   layout_loops_ring, st_stairs_11, grunt_forest_small_clearing_treed,
          grunt_megastairs_4
Lair:3:   layout_cave_pods, elwin_shoals_entry_rocks, dummy_snake_entry
Lair:4:   layout_hall_layers
Lair:5:   lemuel_reptile_caves, layout_gridlike
Lair:6:   cheibrodos_lair_end_hotspot, layout_cave_shapes,
          minmay_slime_entry_oklob_enclosed
Shoals:1: layout_shoals, gammafunk_ghost_tricky_traps, hangedman_shoal_volcano
Shoals:2: layout_shoals, ebering_ghost_rock_garden
Shoals:3: layout_shoals, nicolae_shoals_c_island
Snake:1:  layout_grid_maze, serial_shops,
          nicolae_shop_competitors_out_of_business, guppyfry_snake_island,
          uniq_rupert
Orc:1:    cheibrodos_orc_guarddog, layout_caves, basic_altar, serial_shops,
          shop_coins, shop_statue, nicolae_shop_crystal,
          nicolae_shop_waterfront, shop, ebering_ghost_inner_flame, uniq_sonja
Orc:2:    grunt_orc_gardens, layout_caves, grunt_orc_garden, grunt_orc_garden,
          grunt_orc_garden, grunt_orc_garden

Skill      XL: |  1  2  3  4  5  6  7  8  9 10 11 12 13 14 15 16 |
---------------+-------------------------------------------------+-----
Unarmed Combat | 1 |  1.4
Maces & Flails | 1 2 3 4 5 6 7 8 9 10 11 12 13 | 13.8
Ice Magic      | 5 6 7 9 10 11 | 11.0
Spellcasting   | 2 3 5 6 7 |  7.0
Fighting       | 3 5 7 9 10 11 | 11.0
Dodging        | 3 4 6 7 8 10 | 10.0
Invocations    | 2 4 6 8 10 11 | 11.0
Conjurations   | 2 4 5 |  5.0
Translocations | 2 4 |  4.0
Shields        | 2 7 9 |  9.9
Crossbows      | 1 5 |  5.0
Stealth        | |  2.1

Action                   |  1- 3 |  4- 6 |  7- 9 | 10-12 | 13-15 | 16-18 || total
-------------------------+-------+-------+-------+-------+-------+-------++-------
Melee: Unarmed           |    20 |       |       |       |       |       ||    20
       Whip              |    61 |   190 |   245 |   543 |   878 |       ||  1917
       Punch             |       |       |     3 |     1 |     3 |       ||     7
       Flail             |       |       |       |       |   478 |   439 ||   917
 Fire: Hand crossbow     |       |       |       |       |    38 |    52 ||    90
Throw: Throwing net      |       |       |     2 |     1 |       |       ||     3
 Cast: Frozen Ramparts   |     2 |    11 |    30 |    55 |   114 |    25 ||   237
       Hailstorm         |       |       |       |     8 |    54 |    10 ||    72
       Blink             |       |       |       |       |    13 |       ||    13
       Ozocubu's Armour  |       |       |       |       |     4 |       ||     4
       Apportation       |       |       |       |       |       |     2 ||     2
Invok: Minor Destruction |       |       |    18 |    30 |    10 |     5 ||    63
       Lesser Servant of |       |       |     2 |    12 |     7 |     1 ||    22
       Major Destruction |       |       |       |     2 |    31 |     5 ||    38
       Greater Servant o |       |       |       |       |    10 |     2 ||    12
Evoke: Wand              |       |       |       |     8 |    10 |    14 ||    32
  Use: Scroll            |       |     6 |     3 |     4 |    13 |     4 ||    30
       Potion            |       |       |     2 |     4 |     7 |     4 ||    17
 Stab: Sleeping          |     3 |     2 |       |     1 |     4 |       ||    10
       Distracted        |       |       |       |     2 |     5 |     1 ||     8
       Held in net/web   |       |       |       |     1 |       |       ||     1
  Eat: Chunk             |     7 |    19 |    19 |    31 |   148 |    42 ||   266
Armor: Robe              |    19 |    25 |    34 |    21 |       |       ||    99
       Steam dragon scal |       |       |       |    65 |   291 |    81 ||   437
Dodge: Dodged            |    64 |   101 |   155 |   224 |   740 |   249 ||  1533
Block: Kite shield       |       |       |       |       |   315 |   216 ||   531
